 Dungeon Crawl Stone Soup version 0.31.0-12-g77e489cdc1 (webtiles) character file.

Game seed: 6242712105177808022

52 porpoise the Shooter (level 3, 0/31 HPs)
             Began as a Minotaur Hunter on Feb 24, 2024.
             Slain by a ball python (2 damage)
             ... on level 2 of the Dungeon.
             The game lasted 00:02:40 (726 turns).

porpoise the Shooter (Minotaur Hunter)               Turns: 726, Time: 00:02:41

Health: 0/31       AC:  3    Str: 15    XL:     3   Next: 60%
Magic:  2/2        EV: 12    Int:  6    God:
Gold:   58         SH:  0    Dex: 15    Spells: 2/2 levels left

rFire   + . .        b - +2 sling (elec)
rCold   + . .        (no shield)
rNeg    . . .        c - +0 leather armour
rPois   .            (helmet restricted)
rElec   .            j - scarf {rC+ rF+}
rCorr   .            (no gloves)
SInv    .            (no boots)
Will    .....        (no amulet)
Stlth   +            (no ring)
HPRegen 0.25/turn    (no ring)
MPRegen 0.08/turn

%: no passive effects
@: no status effects
A: horns 2, retaliatory headbutt
a: no special abilities


You were on level 2 of the Dungeon.
You visited 1 branch of the dungeon, and saw 2 of its levels.

You collected 58 gold pieces.

Inventory:

Hand Weapons
 a - a +0 shortbow
 b - a +2 sling of electrocution (weapon)
 k - a +1 dagger of venom
 p - a +0 dagger
Missiles
 l - 5 poisoned darts
Armour
 c - a +0 leather armour (worn)
 j - a scarf of resistance (worn)
Wands
 o - a wand of charming (8)
Scrolls
 d - 2 scrolls of revelation {unknown}
 g - a scroll of butterflies
 h - 3 scrolls of fear {unknown}
 i - 2 scrolls of fog {unknown}
 m - a scroll of noise {unknown}
 n - a scroll of teleportation {unknown}
Potions
 e - a potion of haste {unknown}
 f - a potion of mutation {unknown}


   Skills:
 + Level 3.4 Fighting
 * Level 5.4 Ranged Weapons
 - Level 2.1 Dodging
 - Level 0.7 Stealth


You had 2 spell levels left.
You didn't know any spells.
Your spell library was empty.

Dungeon Overview and Level Annotations

Branches:
Dungeon (2/15)

Altars:


Innate Abilities, Weirdness & Mutations

You have a pair of horns on your head.
You reflexively headbutt those who attack you in melee.


Message History

Things that are here:
a +0 dagger; a goblin corpse You shoot a sling bullet.
The sling bullet hits the quokka.
You kill the quokka!
You shoot a sling bullet.
The sling bullet completely misses the gnoll.
You shoot a sling bullet. The sling bullet hits the gnoll.
The gnoll is lightly wounded.
No target in view!
No target in view!
p - a +0 dagger You shoot a sling bullet.
The sling bullet hits the gnoll but does no damage.
The gnoll hits you from afar with a +0 halberd! x2
You are too injured to fight recklessly!
You are too injured to fight recklessly!
Fire: b) +2 sling (elec)
Press: ? - help, Q - select action, (/) - cycle Shift-Dir - straight line, f/p - gnoll
Aim: a gnoll, wielding a +0 halberd (65% to hit)
You shoot a sling bullet. The sling bullet hits the gnoll.
The gnoll is moderately wounded.
You hear an angry hiss.
A ball python comes into view.
The gnoll barely misses you.
Fire: b) +2 sling (elec)
Press: ? - help, Q - select action, (/) - cycle Shift-Dir - straight line, f/p - gnoll
Aim: a gnoll, wielding a +0 halberd (moderately wounded, 65% to hit)
You shoot a sling bullet.
The sling bullet closely misses the gnoll.
The gnoll hits you from afar with a +0 halberd!
* * * LOW HITPOINT WARNING * * *
Things that are here:
a +0 dagger; a kobold corpse Fire: b) +2 sling (elec)
Press: ? - help, Q - select action, (/) - cycle Shift-Dir - straight line, f - ball python
Aim: a ball python (58% to hit)
You shoot a sling bullet. The sling bullet hits the ball python.
The ball python is heavily wounded.
The ball python bites you.
You die...

..................
#...#####+########
#.#..####.#.......
...†....#.....#.###
#.#.....#.........#
#.
#.#...............
...
..........#.....#
...
................##
..
#######.#.......@#g#
#.#.#..##.†S#
#.#.#.....##?..#
#.#.#....## #..#
#.#.##.#†... #.#
#.#.##.......#..#
#.#....#........#
#####.#...... . .
>...!.


You could see a ball python.

Vanquished Creatures
  An adder (D:2)
  A ribbon worm (D:2)
  5 endoplasms
  A giant cockroach (D:1)
  5 goblins
  3 hobgoblins (D:1)
  5 jackals (D:1)
  4 quokkas
  2 bats (D:1)
  4 frilled lizards
  2 kobolds
  A rat (D:1)
34 creatures vanquished.

Notes
Turn   | Place    | Note
-------+----------+-------------------------------------------
     0 | D:1      | porpoise the Minotaur Hunter began the quest for the Orb.
     0 | D:1      | Reached XP level 1. HP: 18/18 MP: 0/0
    45 | D:1      | Reached XP level 2. HP: 25/25 MP: 1/1
   157 | D:1      | Reached skill level 5 in Ranged Weapons
   648 | D:2      | Reached XP level 3. HP: 31/31 MP: 2/2
   726 | D:2      | Slain by a ball python

Illustrated notes

Levels and vault maps discovered:
D:1:      nicolae_arrival_washed_ashore, layout_basic, minmay_surrounded
D:2:      layout_basic, minmay_tetromino_s4

Skill      XL: |  1  2 |
---------------+-------+-----
Fighting       | 3 |  3.4
Ranged Weapons | 5 |  5.4
Dodging        | |  2.1
Stealth        | |  0.7

Action                     || total
---------------------------++-------
   Fire: Shortbow          ||    48
         Sling             ||    39
 Armour: Leather armour    ||    17
  Dodge: Dodged            ||    10
